2337 views
Uploaded 2024-04-20 04:02:38
Game version 1.36 (6115)
81:32 long 4on4 ladder game on (8)GolemsInTheMist_LV
Saved by GIGA
2337 views
Uploaded 2024-04-20 04:02:38
Game version 1.36 (6115)
81:32 long 4on4 ladder game on (8)GolemsInTheMist_LV


255 units @ 27.2k
/ 5.7k
215 buildings @ 16.8k
/ 7.9k
DudeWhy
(236)
(81:30) : 

| Orb of Fire | 3 | 975 |
| Staff of Sanctuary | 2 | 500 |
| total: | 5 | 1475g |
| Peasant | 18 | 1350 | / | 0 |
| Footman | 1 | 135 | / | 0 |
| Goblin Zeppelin | 2 | 480 | / | 120 |
| total: | 21 | 1965g | / | 120w |
| Scout Tower | 25 | 750 | / | 500 |
| Arcane Tower | 2 | 140 | / | 100 |
| Guard Tower | 7 | 490 | / | 350 |
| Altar of Kings | 2 | 360 | / | 100 |
| Farm | 10 | 800 | / | 200 |
| Barracks | 1 | 160 | / | 60 |
| Lumber Mill | 2 | 240 | / | 0 |
| Town Hall | 4 | 1540 | / | 820 |
| Blacksmith | 1 | 140 | / | 60 |
| Arcane Vault | 3 | 390 | / | 90 |
| Keep | 2 | 640 | / | 420 |
| Castle | 1 | 360 | / | 210 |
| total: | 48 | 4380g | / | 1830w |
| 0:03 | Peasant |
| 0:03 | Peasant |
| 0:06 | Altar of Kings |
| 0:09 | Peasant |
| 0:19 | Farm |
| 0:20 | Peasant |
| 0:32 | Peasant |
| 0:42 | Barracks |
| 0:53 | Peasant |
| 0:59 | Farm |
| 1:10 | Peasant |
| 1:21 | Peasant |
| 1:36 | Farm |
| 1:39 | Peasant |
| 1:47 | Footman |
| 2:01 | Scout Tower |
| 2:03 | Scout Tower |
| 2:05 | Peasant |
| 2:12 | Storm Bolt |
| 2:20 | Lumber Mill |
| 2:49 | Arcane Tower |
| 2:52 | Peasant |
| 3:09 | Town Hall |
| 3:23 | Scout Tower |
| 3:43 | Scout Tower |
| 3:45 | Scout Tower |
| 3:47 | Scout Tower |
| 3:51 | Scout Tower |
| 3:52 | Scout Tower |
| 3:52 | Scout Tower |
| 3:53 | Scout Tower |
| 4:20 | Arcane Tower |
| 5:20 | Town Hall |
| 5:56 | Peasant |
| 6:02 | Peasant |
| 6:12 | Guard Tower |
| 6:43 | Town Hall |
| 7:23 | Goblin Zeppelin |
| 7:30 | Peasant |
| 7:31 | Peasant |
| 7:31 | Peasant |
| 8:11 | Holy Light |
| 8:46 | Keep |
| 8:49 | Bash |
| 8:53 | Town Hall |
| 9:27 | Scout Tower |
| 9:27 | Scout Tower |
| 9:28 | Scout Tower |
| 9:29 | Scout Tower |
| 9:30 | Scout Tower |
| 9:47 | Bash |
| 9:48 | Bash |
| 10:35 | Guard Tower |
| 10:36 | Peasant |
| 10:36 | Peasant |
| 11:27 | Scout Tower |
| 11:54 | Scout Tower |
| 12:04 | Guard Tower |
| 13:02 | Goblin Zeppelin |
| 13:29 | Guard Tower |
| 13:31 | Scout Tower |
| 13:32 | Scout Tower |
| 13:33 | Scout Tower |
| 13:37 | Scout Tower |
| 13:38 | Scout Tower |
| 13:40 | Scout Tower |
| 13:41 | Scout Tower |
| 13:42 | Scout Tower |
| 14:33 | Guard Tower |
| 14:36 | Guard Tower |
| 14:46 | Lumber Mill |
| 15:01 | Holy Light |
| 15:03 | Divine Shield |
| 15:08 | Guard Tower |
| 15:25 | Keep |
| 17:52 | Farm |
| 17:53 | Farm |
| 17:54 | Farm |
| 19:43 | Altar of Kings |
| 22:28 | Castle |
| 22:34 | Farm |
| 22:35 | Farm |
| 22:35 | Farm |
| 22:36 | Farm |
| 23:12 | Divine Shield |
| 23:56 | Divine Shield |
| 23:56 | Holy Light |
| 24:11 | Storm Bolt |
| 24:13 | Holy Light |
| 24:14 | Holy Light |
| 24:58 | Blacksmith |
| 27:12 | Storm Bolt |
| 28:19 | Bash |
| 31:12 | Divine Shield |
| 31:49 | Storm Bolt |
| 31:51 | Bash |
| 31:53 | Divine Shield |
| 32:45 | Divine Shield |
| 40:05 | Storm Bolt |
| 40:10 | Holy Light |
| 46:48 | Arcane Vault |
| 46:49 | Arcane Vault |
| 46:49 | Arcane Vault |
| 46:56 | Holy Light |
| 48:16 | Storm Bolt |
| 48:18 | Holy Light |
| 49:06 | Orb of Fire |
| 49:08 | Orb of Fire |
| 49:10 | Orb of Fire |
| 49:26 | Staff of Sanctuary |
| 49:27 | Staff of Sanctuary |
| 56:55 | Avatar |
| 56:56 | Avatar |
| 57:02 | Resurrection |
| 61:09 | Resurrection |
| 63:47 | Avatar |
| 63:49 | Resurrection |
| 77:23 | Devotion Aura |
| Right click | 4563 |
| Select group | 887 |
| Select | 603 |
| Use ability | 315 |
| Misc. action | 172 |
| Build/train/purchase | 104 |
| Resource trade | 68 |
| Assign group | 26 |
| Minimap ping | 26 |
| Item give/drop | 4 |
| Esc | 3 |
GIGA
(207)
(81:30) : 
| Healing Salve | 3 | 300 |
| Lesser Clarity Potion | 6 | 420 |
| Scroll of Speed | 2 | 100 |
| Potion of Mana | 1 | 200 |
| Orb of Lightning | 1 | 375 |
| Boots of Speed | 1 | 250 |
| Circlet of Nobility | 1 | 175 |
| Staff of Teleportation | 1 | 150 |
| total: | 16 | 1970g |
| Peon | 18 | 1350 | / | 0 |
| Troll Witch Doctor | 28 | 4060 | / | 700 |
| Forest Troll Shadow Priest | 1 | 195 | / | 10 |
| total: | 47 | 5605g | / | 710w |
| Watch Tower | 11 | 1210 | / | 880 |
| Altar of Storms | 1 | 180 | / | 50 |
| Orc Burrow | 4 | 640 | / | 160 |
| War Mill | 1 | 205 | / | 0 |
| Voodoo Lounge | 1 | 130 | / | 30 |
| Spirit Lodge | 2 | 300 | / | 300 |
| Stronghold | 1 | 315 | / | 190 |
| Fortress | 1 | 325 | / | 190 |
| total: | 20 | 2665g | / | 1420w |
| 0:03 | Peon |
| 0:03 | Peon |
| 0:08 | Altar of Storms |
| 0:10 | Orc Burrow |
| 0:13 | Peon |
| 0:26 | Peon |
| 0:38 | Peon |
| 0:57 | Peon |
| 1:03 | War Mill |
| 1:15 | Voodoo Lounge |
| 1:28 | Peon |
| 1:38 | Orc Burrow |
| 1:48 | Peon |
| 2:08 | Peon |
| 2:08 | Peon |
| 2:08 | Peon |
| 2:08 | Peon |
| 2:17 | Healing Salve |
| 2:18 | Lesser Clarity Potion |
| 2:18 | Scroll of Speed |
| 2:24 | Peon |
| 2:25 | Peon |
| 2:32 | Wind Walk |
| 2:47 | Peon |
| 2:48 | Peon |
| 2:52 | Watch Tower |
| 3:03 | Watch Tower |
| 4:00 | Watch Tower |
| 4:02 | Peon |
| 4:02 | Peon |
| 4:11 | Storm Bolt |
| 6:02 | Critical Strike |
| 6:17 | Boots of Speed |
| 6:18 | Circlet of Nobility |
| 6:18 | Staff of Teleportation |
| 6:28 | Stronghold |
| 8:01 | Spiked Barricades |
| 8:05 | Watch Tower |
| 8:07 | Watch Tower |
| 9:23 | Spirit Lodge |
| 9:24 | Reinforced Defenses |
| 9:52 | Fortress |
| 10:07 | Forest Troll Shadow Priest |
| 10:19 | Wind Walk |
| 11:42 | Lesser Clarity Potion |
| 11:45 | Potion of Mana |
| 11:48 | Lesser Clarity Potion |
| 11:49 | Scroll of Speed |
| 12:20 | Witch Doctor Adept Training |
| 14:11 | Witch Doctor Master Training |
| 14:11 | Troll Witch Doctor |
| 14:11 | Troll Witch Doctor |
| 14:11 | Troll Witch Doctor |
| 14:18 | Orc Burrow |
| 14:22 | Watch Tower |
| 14:23 | Watch Tower |
| 14:24 | Watch Tower |
| 14:46 | Healing Salve |
| 14:53 | Orb of Lightning |
| 15:58 | Troll Witch Doctor |
| 18:19 | Critical Strike |
| 20:34 | Healing Salve |
| 20:39 | Lesser Clarity Potion |
| 21:06 | Troll Witch Doctor |
| 21:06 | Troll Witch Doctor |
| 21:41 | Critical Strike |
| 22:28 | Watch Tower |
| 22:29 | Watch Tower |
| 22:32 | Watch Tower |
| 25:14 | Siphon Mana |
| 27:17 | Blizzard |
| 29:11 | Troll Witch Doctor |
| 29:11 | Troll Witch Doctor |
| 29:11 | Troll Witch Doctor |
| 29:12 | Troll Witch Doctor |
| 30:04 | Bladestorm |
| 34:27 | Troll Witch Doctor |
| 34:27 | Troll Witch Doctor |
| 36:56 | Troll Witch Doctor |
| 36:56 | Troll Witch Doctor |
| 39:20 | Wind Walk |
| 40:04 | Spirit Lodge |
| 42:24 | Troll Witch Doctor |
| 42:24 | Troll Witch Doctor |
| 42:27 | Troll Witch Doctor |
| 42:27 | Troll Witch Doctor |
| 46:16 | Troll Witch Doctor |
| 46:16 | Troll Witch Doctor |
| 46:16 | Troll Witch Doctor |
| 46:16 | Troll Witch Doctor |
| 46:54 | Troll Witch Doctor |
| 48:08 | Mirror Image |
| 49:30 | Orc Burrow |
| 55:50 | Mirror Image |
| 56:50 | Troll Witch Doctor |
| 56:50 | Troll Witch Doctor |
| 56:50 | Troll Witch Doctor |
| 56:51 | Troll Witch Doctor |
| 69:55 | Lesser Clarity Potion |
| 76:57 | Mirror Image |
| 77:10 | Mirror Image |
| 78:14 | Bash |
| 78:28 | Troll Witch Doctor |
| 78:38 | Mirror Image |
| 79:55 | Lesser Clarity Potion |
| Right click | 6637 |
| Select | 755 |
| Build/train/purchase | 244 |
| Use ability | 109 |
| Resource trade | 92 |
| Minimap ping | 77 |
| Chat | 49 |
| Misc. action | 10 |
| Assign group | 9 |
| Item give/drop | 9 |
| Select group | 8 |
| Remove unit | 2 |
| Esc | 2 |
uhhwats
(11)
(81:30) : 


| Peasant | 53 | 3975 | / | 0 |
| Mortar Team | 28 | 5040 | / | 1960 |
| Flying Machine | 10 | 1000 | / | 300 |
| total: | 91 | 10015g | / | 2260w |
| Scout Tower | 81 | 2430 | / | 1620 |
| Arcane Tower | 1 | 70 | / | 50 |
| Guard Tower | 25 | 1750 | / | 1250 |
| Farm | 14 | 1120 | / | 280 |
| Altar of Kings | 2 | 360 | / | 100 |
| Lumber Mill | 2 | 240 | / | 0 |
| Town Hall | 3 | 1155 | / | 615 |
| Blacksmith | 2 | 280 | / | 120 |
| Workshop | 3 | 420 | / | 420 |
| Keep | 2 | 640 | / | 420 |
| Castle | 2 | 720 | / | 420 |
| total: | 107 | 6005g | / | 3155w |
| 0:05 | Peasant |
| 0:05 | Peasant |
| 0:16 | Farm |
| 0:24 | Scout Tower |
| 0:26 | Peasant |
| 0:31 | Peasant |
| 0:42 | Peasant |
| 0:46 | Farm |
| 0:52 | Peasant |
| 0:55 | Arcane Tower |
| 0:58 | Scout Tower |
| 1:10 | Altar of Kings |
| 1:17 | Peasant |
| 1:28 | Lumber Mill |
| 1:35 | Peasant |
| 1:38 | Peasant |
| 1:50 | Farm |
| 1:53 | Scout Tower |
| 1:59 | Peasant |
| 2:08 | Peasant |
| 2:42 | Peasant |
| 2:42 | Peasant |
| 2:46 | Guard Tower |
| 2:55 | Improved Masonry |
| 2:59 | Farm |
| 3:23 | Scout Tower |
| 3:24 | Scout Tower |
| 3:26 | Scout Tower |
| 3:27 | Scout Tower |
| 3:31 | Peasant |
| 3:32 | Peasant |
| 3:32 | Peasant |
| 3:35 | Guard Tower |
| 3:38 | Scout Tower |
| 3:57 | Guard Tower |
| 4:04 | Scout Tower |
| 4:05 | Scout Tower |
| 4:06 | Scout Tower |
| 4:06 | Scout Tower |
| 4:07 | Scout Tower |
| 4:31 | Guard Tower |
| 4:33 | Scout Tower |
| 4:35 | Guard Tower |
| 4:45 | Scout Tower |
| 4:46 | Scout Tower |
| 4:47 | Scout Tower |
| 4:49 | Scout Tower |
| 5:01 | Guard Tower |
| 5:21 | Guard Tower |
| 5:24 | Guard Tower |
| 5:40 | Scout Tower |
| 5:42 | Scout Tower |
| 5:42 | Scout Tower |
| 5:45 | Guard Tower |
| 6:02 | Keep |
| 6:14 | Scout Tower |
| 6:18 | Guard Tower |
| 6:23 | Scout Tower |
| 6:24 | Scout Tower |
| 6:24 | Scout Tower |
| 6:26 | Scout Tower |
| 6:27 | Scout Tower |
| 6:28 | Scout Tower |
| 6:29 | Scout Tower |
| 7:01 | Guard Tower |
| 7:07 | Scout Tower |
| 7:08 | Scout Tower |
| 7:16 | Improved Lumber Harvesting |
| 7:26 | Scout Tower |
| 7:27 | Scout Tower |
| 7:34 | Farm |
| 7:34 | Farm |
| 7:37 | Guard Tower |
| 8:18 | Scout Tower |
| 8:29 | Town Hall |
| 8:41 | Guard Tower |
| 8:45 | Advanced Masonry |
| 8:48 | Guard Tower |
| 9:32 | Scout Tower |
| 9:33 | Scout Tower |
| 9:35 | Scout Tower |
| 9:46 | Peasant |
| 9:47 | Peasant |
| 9:57 | Peasant |
| 10:09 | Guard Tower |
| 10:25 | Keep |
| 10:34 | Castle |
| 10:43 | Guard Tower |
| 10:54 | Blacksmith |
| 11:11 | Holy Light |
| 12:02 | Scout Tower |
| 12:03 | Scout Tower |
| 12:11 | Scout Tower |
| 12:30 | Scout Tower |
| 12:31 | Scout Tower |
| 12:33 | Scout Tower |
| 12:34 | Scout Tower |
| 12:54 | Imbued Masonry |
| 12:59 | Guard Tower |
| 13:02 | Scout Tower |
| 13:03 | Scout Tower |
| 13:06 | Peasant |
| 13:06 | Peasant |
| 13:09 | Peasant |
| 13:14 | Guard Tower |
| 13:25 | Workshop |
| 13:39 | Guard Tower |
| 13:50 | Peasant |
| 14:01 | Scout Tower |
| 14:02 | Scout Tower |
| 14:02 | Scout Tower |
| 14:03 | Scout Tower |
| 14:05 | Guard Tower |
| 14:14 | Scout Tower |
| 14:17 | Scout Tower |
| 14:29 | Town Hall |
| 14:49 | Black Gunpowder |
| 14:52 | Guard Tower |
| 14:58 | Scout Tower |
| 15:05 | Scout Tower |
| 15:06 | Scout Tower |
| 15:07 | Scout Tower |
| 15:12 | Guard Tower |
| 15:33 | Scout Tower |
| 15:34 | Scout Tower |
| 15:38 | Brilliance Aura |
| 15:51 | Refined Gunpowder |
| 15:56 | Castle |
| 16:19 | Guard Tower |
| 16:49 | Scout Tower |
| 16:50 | Scout Tower |
| 16:52 | Scout Tower |
| 17:02 | Scout Tower |
| 17:03 | Scout Tower |
| 17:04 | Scout Tower |
| 17:05 | Scout Tower |
| 17:16 | Guard Tower |
| 17:48 | Workshop |
| 18:16 | Storm Bolt |
| 18:33 | Peasant |
| 18:34 | Peasant |
| 18:34 | Peasant |
| 18:34 | Peasant |
| 18:56 | Mortar Team |
| 18:57 | Mortar Team |
| 18:57 | Mortar Team |
| 18:57 | Mortar Team |
| 19:17 | Workshop |
| 19:46 | Mortar Team |
| 20:09 | Farm |
| 20:09 | Farm |
| 20:10 | Farm |
| 20:12 | Farm |
| 20:15 | Mortar Team |
| 21:00 | Mortar Team |
| 21:00 | Mortar Team |
| 21:05 | Flare |
| 21:06 | Fragmentation Shards |
| 21:36 | Imbued Gunpowder |
| 21:45 | Peasant |
| 21:46 | Peasant |
| 22:07 | Mortar Team |
| 23:51 | Mortar Team |
| 23:51 | Mortar Team |
| 23:57 | Bash |
| 24:49 | Scout Tower |
| 24:51 | Scout Tower |
| 24:52 | Scout Tower |
| 24:53 | Scout Tower |
| 25:59 | Guard Tower |
| 27:33 | Peasant |
| 27:33 | Peasant |
| 28:01 | Mortar Team |
| 28:01 | Mortar Team |
| 28:14 | Mortar Team |
| 28:32 | Peasant |
| 28:32 | Peasant |
| 28:33 | Peasant |
| 28:48 | Advanced Lumber Harvesting |
| 29:15 | Mortar Team |
| 29:16 | Mortar Team |
| 29:49 | Blacksmith |
| 31:53 | Mortar Team |
| 31:57 | Studded Leather Armor |
| 32:01 | Peasant |
| 34:08 | Mortar Team |
| 34:45 | Mortar Team |
| 38:44 | Mortar Team |
| 38:45 | Mortar Team |
| 41:43 | Mortar Team |
| 41:43 | Mortar Team |
| 42:10 | Mortar Team |
| 42:13 | Peasant |
| 42:13 | Peasant |
| 42:15 | Peasant |
| 42:16 | Peasant |
| 42:46 | Altar of Kings |
| 44:04 | Farm |
| 44:06 | Farm |
| 46:55 | Farm |
| 46:56 | Farm |
| 48:57 | Scout Tower |
| 48:58 | Scout Tower |
| 48:58 | Scout Tower |
| 48:59 | Scout Tower |
| 49:00 | Scout Tower |
| 49:01 | Scout Tower |
| 49:02 | Scout Tower |
| 49:02 | Scout Tower |
| 49:03 | Scout Tower |
| 49:04 | Scout Tower |
| 49:05 | Scout Tower |
| 49:06 | Scout Tower |
| 50:01 | Mortar Team |
| 50:25 | Lumber Mill |
| 52:48 | Peasant |
| 52:49 | Peasant |
| 52:49 | Peasant |
| 52:52 | Reinforced Leather Armor |
| 53:11 | Flak Cannons |
| 53:12 | Flying Machine Bombs |
| 54:22 | Peasant |
| 54:23 | Peasant |
| 57:38 | Mortar Team |
| 58:41 | Flying Machine |
| 58:41 | Flying Machine |
| 58:41 | Flying Machine |
| 58:41 | Flying Machine |
| 58:41 | Flying Machine |
| 58:42 | Flying Machine |
| 58:42 | Flying Machine |
| 58:47 | Iron Plating |
| 60:49 | Flying Machine |
| 60:50 | Flying Machine |
| 60:50 | Flying Machine |
| 61:40 | Brilliance Aura |
| 62:02 | Steel Plating |
| 62:14 | Peasant |
| 62:14 | Peasant |
| 63:01 | Peasant |
| 63:01 | Peasant |
| 64:25 | Peasant |
| 64:25 | Peasant |
| 65:50 | Town Hall |
| 66:00 | Peasant |
| 66:00 | Peasant |
| 66:00 | Peasant |
| 66:54 | Mortar Team |
| 78:27 | Bash |
| 78:58 | Mortar Team |
| Right click | 4115 |
| Select group | 946 |
| Select | 889 |
| Build/train/purchase | 157 |
| Use ability | 153 |
| Resource trade | 69 |
| Assign group | 49 |
| Minimap ping | 26 |
| Chat | 14 |
| Remove unit | 7 |
| Misc. action | 6 |
| Esc | 2 |

| Peasant | 16 | 1200 | / | 0 |
| Flying Machine | 75 | 7500 | / | 2250 |
| Mortar Team | 5 | 900 | / | 350 |
| total: | 96 | 9600g | / | 2600w |
| Scout Tower | 7 | 210 | / | 140 |
| Arcane Tower | 3 | 210 | / | 150 |
| Guard Tower | 2 | 140 | / | 100 |
| Altar of Kings | 1 | 180 | / | 50 |
| Farm | 22 | 1760 | / | 440 |
| Lumber Mill | 3 | 360 | / | 0 |
| Blacksmith | 2 | 280 | / | 120 |
| Town Hall | 1 | 385 | / | 205 |
| Workshop | 3 | 420 | / | 420 |
| Gryphon Aviary | 1 | 140 | / | 150 |
| Keep | 1 | 320 | / | 210 |
| Castle | 1 | 360 | / | 210 |
| total: | 40 | 3735g | / | 1525w |
| 0:04 | Altar of Kings |
| 0:11 | Farm |
| 0:12 | Peasant |
| 0:12 | Peasant |
| 0:12 | Peasant |
| 0:42 | Peasant |
| 0:52 | Peasant |
| 1:00 | Peasant |
| 1:17 | Peasant |
| 1:21 | Farm |
| 1:23 | Peasant |
| 1:23 | Peasant |
| 1:28 | Peasant |
| 1:40 | Scout Tower |
| 1:42 | Peasant |
| 2:09 | Storm Bolt |
| 2:27 | Arcane Tower |
| 2:36 | Scout Tower |
| 3:07 | Peasant |
| 3:08 | Peasant |
| 3:08 | Peasant |
| 3:15 | Keep |
| 3:19 | Arcane Tower |
| 4:09 | Scout Tower |
| 4:13 | Scout Tower |
| 4:39 | Arcane Tower |
| 4:49 | Lumber Mill |
| 5:03 | Scout Tower |
| 5:07 | Scout Tower |
| 5:38 | Castle |
| 5:55 | Guard Tower |
| 6:01 | Improved Lumber Harvesting |
| 6:38 | Improved Masonry |
| 6:42 | Advanced Lumber Harvesting |
| 7:15 | Blacksmith |
| 7:27 | Farm |
| 7:28 | Farm |
| 7:41 | Advanced Masonry |
| 8:01 | Blacksmith |
| 8:08 | Farm |
| 8:21 | Peasant |
| 8:21 | Peasant |
| 8:29 | Black Gunpowder |
| 8:37 | Workshop |
| 8:52 | Workshop |
| 9:01 | Workshop |
| 9:05 | Farm |
| 9:15 | Imbued Masonry |
| 9:29 | Farm |
| 9:47 | Refined Gunpowder |
| 9:49 | Flying Machine Bombs |
| 9:56 | Fragmentation Shards |
| 10:16 | Lumber Mill |
| 10:19 | Flak Cannons |
| 10:32 | Farm |
| 10:36 | Flare |
| 10:51 | Scout Tower |
| 11:06 | Farm |
| 11:14 | Farm |
| 11:31 | Flying Machine |
| 11:32 | Flying Machine |
| 11:32 | Flying Machine |
| 11:32 | Flying Machine |
| 11:33 | Flying Machine |
| 11:57 | Flying Machine |
| 11:58 | Flying Machine |
| 12:16 | Farm |
| 12:29 | Imbued Gunpowder |
| 12:33 | Flying Machine |
| 12:33 | Flying Machine |
| 12:33 | Flying Machine |
| 12:33 | Flying Machine |
| 12:45 | Guard Tower |
| 13:04 | Flying Machine |
| 13:04 | Flying Machine |
| 13:04 | Flying Machine |
| 13:11 | Iron Plating |
| 13:33 | Gryphon Aviary |
| 13:39 | Flying Machine |
| 13:44 | Farm |
| 13:45 | Farm |
| 13:51 | Farm |
| 13:54 | Farm |
| 14:16 | Flying Machine |
| 14:16 | Flying Machine |
| 15:17 | Steel Plating |
| 16:33 | Flying Machine |
| 16:33 | Flying Machine |
| 16:33 | Flying Machine |
| 16:33 | Flying Machine |
| 16:33 | Flying Machine |
| 16:34 | Flying Machine |
| 17:20 | Flying Machine |
| 17:22 | Flying Machine |
| 17:23 | Flying Machine |
| 17:31 | Mithril Plating |
| 18:41 | Flying Machine |
| 18:41 | Flying Machine |
| 18:41 | Flying Machine |
| 18:42 | Flying Machine |
| 18:42 | Flying Machine |
| 18:42 | Flying Machine |
| 19:45 | Flying Machine |
| 19:45 | Flying Machine |
| 20:41 | Flying Machine |
| 20:42 | Flying Machine |
| 20:42 | Flying Machine |
| 20:42 | Flying Machine |
| 21:37 | Flying Machine |
| 21:37 | Flying Machine |
| 21:37 | Flying Machine |
| 21:38 | Flying Machine |
| 21:38 | Flying Machine |
| 21:54 | Flying Machine |
| 21:54 | Flying Machine |
| 21:54 | Flying Machine |
| 21:55 | Flying Machine |
| 21:55 | Flying Machine |
| 21:55 | Flying Machine |
| 21:55 | Flying Machine |
| 21:55 | Flying Machine |
| 22:15 | Farm |
| 22:41 | Farm |
| 22:44 | Farm |
| 23:34 | Farm |
| 24:19 | Farm |
| 24:21 | Farm |
| 24:35 | Farm |
| 26:14 | Flying Machine |
| 26:15 | Flying Machine |
| 26:15 | Flying Machine |
| 26:15 | Flying Machine |
| 26:15 | Flying Machine |
| 26:15 | Flying Machine |
| 26:15 | Flying Machine |
| 26:16 | Flying Machine |
| 28:41 | Flying Machine |
| 28:42 | Flying Machine |
| 28:42 | Flying Machine |
| 28:42 | Flying Machine |
| 28:42 | Flying Machine |
| 28:42 | Flying Machine |
| 28:43 | Flying Machine |
| 33:45 | Mortar Team |
| 34:04 | Studded Leather Armor |
| 34:16 | Town Hall |
| 36:30 | Lumber Mill |
| 40:18 | Mortar Team |
| 40:24 | Reinforced Leather Armor |
| 42:24 | Mortar Team |
| 42:24 | Mortar Team |
| 42:24 | Mortar Team |
| 44:00 | Flying Machine |
| 44:00 | Flying Machine |
| 44:00 | Flying Machine |
| 44:00 | Flying Machine |
| 44:00 | Flying Machine |
| 46:14 | Flying Machine |
| 46:15 | Flying Machine |
| 46:15 | Flying Machine |
| 46:15 | Flying Machine |
| Right click | 2716 |
| Select group | 1437 |
| Select | 786 |
| Chat | 214 |
| Build/train/purchase | 190 |
| Misc. action | 89 |
| Assign group | 77 |
| Resource trade | 46 |
| Esc | 28 |
| Use ability | 15 |
| Remove unit | 11 |
| Minimap ping | 8 |
257 units @ 39.3k
/ 7k
148 buildings @ 17.1k
/ 7.9k
⇛
iLL
(76:54) : 


| Staff of Sanctuary | 1 | 250 |
| Orb of Fire | 1 | 325 |
| Potion of Healing | 1 | 150 |
| Potion of Mana | 1 | 200 |
| Scroll of Healing | 2 | 500 |
| Scroll of Town Portal | 2 | 700 |
| Scroll of Protection | 2 | 300 |
| Circlet of Nobility | 1 | 175 |
| Potion of Lesser Invulnerability | 1 | 150 |
| Periapt of Vitality | 1 | 325 |
| Boots of Speed | 2 | 500 |
| total: | 15 | 3575g |
| Peasant | 27 | 2025 | / | 0 |
| Footman | 6 | 810 | / | 0 |
| Priest | 6 | 810 | / | 60 |
| Sorceress | 9 | 1395 | / | 180 |
| Spell Breaker | 1 | 215 | / | 30 |
| Gryphon Rider | 6 | 1680 | / | 420 |
| total: | 55 | 6935g | / | 690w |
| Scout Tower | 42 | 1260 | / | 840 |
| Guard Tower | 14 | 980 | / | 700 |
| Altar of Kings | 1 | 180 | / | 50 |
| Farm | 9 | 720 | / | 180 |
| Barracks | 1 | 160 | / | 60 |
| Arcane Vault | 1 | 130 | / | 30 |
| Town Hall | 6 | 2310 | / | 1230 |
| Lumber Mill | 1 | 120 | / | 0 |
| Blacksmith | 1 | 140 | / | 60 |
| Arcane Sanctum | 2 | 300 | / | 280 |
| Gryphon Aviary | 4 | 560 | / | 600 |
| Keep | 1 | 320 | / | 210 |
| Castle | 1 | 360 | / | 210 |
| total: | 68 | 5880g | / | 3330w |
| 0:02 | Peasant |
| 0:03 | Peasant |
| 0:03 | Peasant |
| 0:09 | Altar of Kings |
| 0:20 | Farm |
| 0:34 | Peasant |
| 0:38 | Barracks |
| 1:01 | Peasant |
| 1:30 | Peasant |
| 1:33 | Peasant |
| 1:38 | Farm |
| 1:59 | Footman |
| 2:17 | Footman |
| 2:20 | Peasant |
| 2:29 | Devotion Aura |
| 2:36 | Keep |
| 2:47 | Farm |
| 2:49 | Footman |
| 3:18 | Farm |
| 3:24 | Footman |
| 4:03 | Footman |
| 4:58 | Arcane Sanctum |
| 5:03 | Arcane Sanctum |
| 5:11 | Farm |
| 5:12 | Farm |
| 5:16 | Peasant |
| 5:20 | Defend |
| 5:21 | Footman |
| 5:33 | Arcane Vault |
| 5:53 | Peasant |
| 6:08 | Priest |
| 6:10 | Priest |
| 6:13 | Priest Adept Training |
| 6:31 | Priest |
| 6:45 | Peasant |
| 6:45 | Peasant |
| 6:45 | Peasant |
| 6:52 | Scout Tower |
| 6:54 | Scout Tower |
| 6:56 | Scout Tower |
| 6:58 | Scout Tower |
| 7:00 | Peasant |
| 7:07 | Summon Water Elemental |
| 7:27 | Holy Light |
| 7:44 | Peasant |
| 7:54 | Town Hall |
| 7:55 | Scout Tower |
| 7:56 | Scout Tower |
| 8:35 | Lumber Mill |
| 8:38 | Sorceress |
| 8:38 | Sorceress |
| 8:39 | Sorceress Adept Training |
| 8:40 | Spell Breaker |
| 8:54 | Peasant |
| 9:38 | Brilliance Aura |
| 10:15 | Scroll of Healing |
| 10:16 | Scroll of Protection |
| 10:26 | Circlet of Nobility |
| 10:27 | Scroll of Town Portal |
| 10:30 | Scroll of Protection |
| 10:30 | Scroll of Healing |
| 10:34 | Guard Tower |
| 10:37 | Guard Tower |
| 10:42 | Peasant |
| 10:50 | Peasant |
| 11:06 | Castle |
| 11:20 | Scout Tower |
| 11:24 | Scout Tower |
| 11:25 | Scout Tower |
| 11:26 | Scout Tower |
| 11:28 | Scout Tower |
| 12:09 | Farm |
| 12:09 | Farm |
| 12:10 | Farm |
| 12:49 | Guard Tower |
| 12:49 | Guard Tower |
| 12:50 | Guard Tower |
| 13:09 | Guard Tower |
| 13:13 | Gryphon Aviary |
| 13:14 | Gryphon Aviary |
| 13:25 | Magic Sentry |
| 14:01 | Peasant |
| 14:02 | Peasant |
| 14:22 | Guard Tower |
| 14:27 | Sorceress Master Training |
| 14:28 | Priest Master Training |
| 14:34 | Storm Hammers |
| 14:35 | Cloud |
| 14:45 | Divine Shield |
| 15:16 | Gryphon Rider |
| 15:29 | Peasant |
| 15:36 | Sorceress |
| 15:36 | Sorceress |
| 15:37 | Sorceress |
| 15:38 | Sorceress |
| 15:44 | Long Rifles |
| 15:46 | Blacksmith |
| 15:52 | Improved Masonry |
| 16:03 | Scout Tower |
| 16:03 | Scout Tower |
| 16:03 | Scout Tower |
| 16:04 | Scout Tower |
| 16:15 | Summon Water Elemental |
| 16:27 | Holy Light |
| 16:39 | Peasant |
| 16:39 | Peasant |
| 16:51 | Guard Tower |
| 17:00 | Advanced Masonry |
| 17:06 | Black Gunpowder |
| 17:07 | Studded Leather Armor |
| 17:37 | Control Magic |
| 20:31 | Brilliance Aura |
| 21:58 | Peasant |
| 21:58 | Peasant |
| 21:58 | Peasant |
| 21:58 | Peasant |
| 22:31 | Town Hall |
| 22:31 | Scout Tower |
| 22:32 | Scout Tower |
| 22:32 | Scout Tower |
| 22:33 | Scout Tower |
| 22:41 | Staff of Sanctuary |
| 22:42 | Orb of Fire |
| 22:49 | Potion of Healing |
| 22:49 | Potion of Mana |
| 22:52 | Scroll of Town Portal |
| 23:16 | Imbued Masonry |
| 23:32 | Banish |
| 24:52 | Reinforced Leather Armor |
| 24:56 | Iron Forged Swords |
| 25:09 | Animal War Training |
| 26:42 | Flame Strike |
| 28:16 | Sorceress |
| 28:19 | Priest |
| 28:21 | Holy Light |
| 28:37 | Scout Tower |
| 28:37 | Scout Tower |
| 28:38 | Scout Tower |
| 28:38 | Scout Tower |
| 28:40 | Town Hall |
| 28:43 | Town Hall |
| 28:43 | Scout Tower |
| 28:44 | Scout Tower |
| 28:44 | Scout Tower |
| 28:45 | Scout Tower |
| 29:00 | Scout Tower |
| 29:02 | Scout Tower |
| 29:25 | Dragonhide Armor |
| 30:17 | Guard Tower |
| 31:09 | Summon Water Elemental |
| 33:16 | Flame Strike |
| 35:23 | Steel Forged Swords |
| 36:07 | Potion of Lesser Invulnerability |
| 36:13 | Periapt of Vitality |
| 38:33 | Sorceress |
| 39:20 | Gryphon Aviary |
| 39:22 | Gryphon Aviary |
| 39:24 | Mithril Forged Swords |
| 42:16 | Priest |
| 42:53 | Backpack |
| 45:25 | Sorceress |
| 46:04 | Devotion Aura |
| 48:21 | Scout Tower |
| 48:22 | Scout Tower |
| 48:22 | Scout Tower |
| 48:23 | Scout Tower |
| 48:25 | Town Hall |
| 48:27 | Scout Tower |
| 49:02 | Gryphon Rider |
| 49:10 | Guard Tower |
| 49:11 | Guard Tower |
| 50:35 | Scout Tower |
| 50:35 | Scout Tower |
| 50:36 | Scout Tower |
| 50:36 | Scout Tower |
| 51:18 | Guard Tower |
| 52:27 | Scout Tower |
| 52:28 | Scout Tower |
| 53:00 | Banish |
| 56:07 | Gryphon Rider |
| 56:14 | Mass Teleport |
| 58:56 | Boots of Speed |
| 59:29 | Boots of Speed |
| 64:46 | Gryphon Rider |
| 64:48 | Priest |
| 69:08 | Town Hall |
| 71:27 | Scout Tower |
| 71:28 | Scout Tower |
| 72:58 | Gryphon Rider |
| 72:58 | Gryphon Rider |
| Right click | 4632 |
| Select group | 2329 |
| Select | 1313 |
| Build/train/purchase | 499 |
| Misc. action | 363 |
| Chat | 269 |
| Use ability | 264 |
| Assign group | 160 |
| Resource trade | 115 |
| Minimap ping | 24 |
| Esc | 22 |
| Item give/drop | 4 |


| Rod of Necromancy | 1 | 150 |
| Sacrificial Skull | 1 | 50 |
| Potion of Mana | 10 | 2000 |
| Orb of Corruption | 3 | 1125 |
| Potion of Healing | 1 | 150 |
| Lesser Clarity Potion | 16 | 1120 |
| Scroll of Healing | 3 | 750 |
| Scroll of Town Portal | 3 | 1050 |
| Potion of Lesser Invulnerability | 6 | 900 |
| Boots of Speed | 1 | 250 |
| Staff of Teleportation | 1 | 150 |
| Potion of Invisibility | 1 | 100 |
| Healing Salve | 2 | 200 |
| total: | 49 | 7995g |
| Acolyte | 20 | 1500 | / | 0 |
| Ghoul | 11 | 1320 | / | 0 |
| Obsidian Statue | 24 | 4800 | / | 840 |
| Frost Wyrm | 7 | 2695 | / | 840 |
| Banshee | 4 | 620 | / | 120 |
| Necromancer | 11 | 1595 | / | 220 |
| Meat Wagon | 1 | 230 | / | 50 |
| total: | 78 | 12760g | / | 2070w |
| Nerubian Tower | 2 | 200 | / | 40 |
| Spirit Tower | 1 | 145 | / | 40 |
| Altar of Darkness | 4 | 720 | / | 200 |
| Crypt | 2 | 400 | / | 100 |
| Ziggurat | 10 | 1500 | / | 500 |
| Tomb of Relics | 3 | 390 | / | 90 |
| Graveyard | 3 | 645 | / | 0 |
| Necropolis | 3 | 675 | / | 0 |
| Slaughterhouse | 5 | 700 | / | 675 |
| Temple of the Damned | 3 | 465 | / | 420 |
| Sacrificial Pit | 1 | 75 | / | 150 |
| Boneyard | 1 | 175 | / | 200 |
| Halls of the Dead | 2 | 640 | / | 420 |
| Black Citadel | 1 | 325 | / | 230 |
| total: | 35 | 5745g | / | 2335w |
| 0:02 | Acolyte |
| 0:03 | Altar of Darkness |
| 0:04 | Altar of Darkness |
| 0:05 | Altar of Darkness |
| 0:07 | Altar of Darkness |
| 0:09 | Crypt |
| 0:10 | Crypt |
| 0:23 | Ziggurat |
| 0:30 | Acolyte |
| 0:40 | Tomb of Relics |
| 0:48 | Graveyard |
| 0:52 | Tomb of Relics |
| 1:21 | Ziggurat |
| 1:22 | Ghoul |
| 1:42 | Ghoul |
| 1:53 | Ghoul |
| 2:01 | Ghoul |
| 2:12 | Rod of Necromancy |
| 2:14 | Sacrificial Skull |
| 2:15 | Vampiric Aura |
| 2:28 | Ghoul |
| 2:56 | Halls of the Dead |
| 3:13 | Ghoul |
| 3:15 | Ziggurat |
| 3:21 | Carrion Swarm |
| 3:34 | Ghoul |
| 3:38 | Ziggurat |
| 4:05 | Ghoul |
| 4:20 | Ghoul |
| 4:21 | Ghoul |
| 5:33 | Black Citadel |
| 6:14 | Graveyard |
| 6:39 | Potion of Mana |
| 7:15 | Ghoul |
| 8:23 | Slaughterhouse |
| 8:24 | Slaughterhouse |
| 8:53 | Ghoul Frenzy |
| 8:58 | Slaughterhouse |
| 9:16 | Boneyard |
| 9:19 | Carrion Swarm |
| 9:30 | Obsidian Statue |
| 9:33 | Obsidian Statue |
| 9:34 | Obsidian Statue |
| 9:41 | Orb of Corruption |
| 9:41 | Orb of Corruption |
| 9:49 | Acolyte |
| 10:06 | Destroyer Form |
| 10:08 | Obsidian Statue |
| 10:22 | Potion of Lesser Invulnerability |
| 10:36 | Necropolis |
| 10:51 | Obsidian Statue |
| 10:52 | Obsidian Statue |
| 10:54 | Obsidian Statue |
| 10:56 | Freezing Breath |
| 11:04 | Creature Attack |
| 11:04 | Improved Creature Attack |
| 12:00 | Ziggurat |
| 12:02 | Ziggurat |
| 12:08 | Acolyte |
| 12:26 | Acolyte |
| 12:26 | Acolyte |
| 12:29 | Creature Carapace |
| 12:40 | Acolyte |
| 12:41 | Acolyte |
| 12:49 | Ziggurat |
| 13:15 | Frost Wyrm |
| 13:17 | Advanced Creature Attack |
| 13:19 | Obsidian Statue |
| 13:23 | Ziggurat |
| 13:51 | Nerubian Tower |
| 14:29 | Improved Creature Carapace |
| 14:31 | Spirit Tower |
| 15:18 | Frost Wyrm |
| 15:19 | Obsidian Statue |
| 15:21 | Obsidian Statue |
| 17:13 | Acolyte |
| 17:21 | Vampiric Aura |
| 18:40 | Obsidian Statue |
| 19:44 | Advanced Creature Carapace |
| 20:31 | Carrion Swarm |
| 21:18 | Frost Wyrm |
| 21:40 | Obsidian Statue |
| 22:08 | Necropolis |
| 22:30 | Potion of Healing |
| 22:30 | Orb of Corruption |
| 22:32 | Scroll of Healing |
| 22:33 | Potion of Mana |
| 22:33 | Scroll of Healing |
| 22:35 | Scroll of Town Portal |
| 22:36 | Death Coil |
| 24:17 | Necropolis |
| 24:53 | Frost Wyrm |
| 24:54 | Potion of Lesser Invulnerability |
| 25:02 | Boots of Speed |
| 25:06 | Staff of Teleportation |
| 26:03 | Unholy Aura |
| 26:31 | Obsidian Statue |
| 28:27 | Obsidian Statue |
| 28:29 | Obsidian Statue |
| 29:24 | Lesser Clarity Potion |
| 30:46 | Obsidian Statue |
| 30:47 | Frost Wyrm |
| 30:51 | Lesser Clarity Potion |
| 31:04 | Inferno |
| 31:14 | Potion of Mana |
| 31:35 | Lesser Clarity Potion |
| 31:43 | Temple of the Damned |
| 31:44 | Temple of the Damned |
| 31:46 | Temple of the Damned |
| 32:30 | Lesser Clarity Potion |
| 32:33 | Potion of Mana |
| 32:50 | Banshee Adept Training |
| 34:14 | Banshee Master Training |
| 34:15 | Banshee |
| 34:16 | Banshee |
| 34:20 | Obsidian Statue |
| 35:31 | Banshee |
| 36:40 | Death Coil |
| 37:18 | Banshee |
| 38:36 | Lesser Clarity Potion |
| 38:38 | Potion of Mana |
| 38:39 | Potion of Mana |
| 38:39 | Scroll of Town Portal |
| 38:43 | Obsidian Statue |
| 39:52 | Lesser Clarity Potion |
| 39:55 | Lesser Clarity Potion |
| 40:08 | Obsidian Statue |
| 40:09 | Obsidian Statue |
| 40:45 | Potion of Lesser Invulnerability |
| 40:45 | Potion of Lesser Invulnerability |
| 40:49 | Scroll of Healing |
| 40:57 | Sacrificial Pit |
| 43:04 | Lesser Clarity Potion |
| 43:05 | Potion of Mana |
| 43:30 | Frost Wyrm |
| 43:32 | Frost Wyrm |
| 43:35 | Ziggurat |
| 43:36 | Ziggurat |
| 44:40 | Scroll of Town Portal |
| 45:08 | Potion of Lesser Invulnerability |
| 46:34 | Unholy Aura |
| 46:35 | Vampiric Aura |
| 47:03 | Skeletal Mastery |
| 47:04 | Necromancer Adept Training |
| 47:05 | Necromancer |
| 47:05 | Necromancer |
| 47:05 | Necromancer |
| 47:05 | Necromancer |
| 47:06 | Necromancer |
| 48:17 | Lesser Clarity Potion |
| 48:19 | Potion of Mana |
| 48:24 | Lesser Clarity Potion |
| 48:36 | Slaughterhouse |
| 48:39 | Slaughterhouse |
| 49:14 | Necromancer Master Training |
| 49:16 | Necromancer |
| 49:18 | Necromancer |
| 49:35 | Lesser Clarity Potion |
| 49:37 | Potion of Mana |
| 50:35 | Necromancer |
| 50:36 | Necromancer |
| 50:38 | Necromancer |
| 51:10 | Lesser Clarity Potion |
| 51:23 | Meat Wagon |
| 52:49 | Necromancer |
| 53:01 | Graveyard |
| 54:35 | Acolyte |
| 54:35 | Acolyte |
| 54:36 | Acolyte |
| 56:26 | Acolyte |
| 56:26 | Acolyte |
| 57:40 | Acolyte |
| 57:41 | Acolyte |
| 57:42 | Acolyte |
| 60:11 | Healing Salve |
| 60:11 | Healing Salve |
| 60:13 | Lesser Clarity Potion |
| 61:44 | Obsidian Statue |
| 61:44 | Obsidian Statue |
| 61:46 | Obsidian Statue |
| 61:58 | Lesser Clarity Potion |
| 62:08 | Acolyte |
| 63:13 | Acolyte |
| 63:13 | Acolyte |
| 67:28 | Potion of Mana |
| 67:30 | Lesser Clarity Potion |
| 69:44 | Obsidian Statue |
| 70:06 | Lesser Clarity Potion |
| 70:11 | Cannibalize |
| 70:35 | Potion of Invisibility |
| 70:35 | Potion of Lesser Invulnerability |
| 73:39 | Tomb of Relics |
| 76:31 | Death Coil |
| Right click | 6017 |
| Select group | 3970 |
| Select | 2425 |
| Build/train/purchase | 542 |
| Misc. action | 446 |
| Use ability | 408 |
| Assign group | 151 |
| Resource trade | 34 |
| Esc | 27 |
| Minimap ping | 27 |
| Item give/drop | 16 |


| Lesser Clarity Potion | 19 | 1330 |
| Scroll of Regeneration | 6 | 600 |
| Staff of Sanctuary | 2 | 500 |
| Orb of Fire | 2 | 650 |
| Potion of Mana | 3 | 600 |
| Potion of Healing | 1 | 150 |
| Scroll of Town Portal | 8 | 2800 |
| Dust of Appearance | 1 | 75 |
| Scroll of Healing | 1 | 250 |
| Potion of Lesser Invulnerability | 2 | 300 |
| Orb of Lightning | 1 | 375 |
| Healing Salve | 1 | 100 |
| total: | 47 | 7730g |
| Peasant | 18 | 1350 | / | 0 |
| Footman | 7 | 945 | / | 0 |
| Rifleman | 10 | 2050 | / | 300 |
| Mortar Team | 13 | 2340 | / | 910 |
| Knight | 9 | 2205 | / | 540 |
| Priest | 1 | 135 | / | 10 |
| Goblin Shredder | 3 | 1125 | / | 300 |
| total: | 61 | 10150g | / | 2060w |
| Scout Tower | 3 | 90 | / | 60 |
| Arcane Tower | 2 | 140 | / | 100 |
| Guard Tower | 1 | 70 | / | 50 |
| Altar of Kings | 1 | 180 | / | 50 |
| Farm | 18 | 1440 | / | 360 |
| Barracks | 2 | 320 | / | 120 |
| Town Hall | 1 | 385 | / | 205 |
| Arcane Vault | 1 | 130 | / | 30 |
| Lumber Mill | 1 | 120 | / | 0 |
| Blacksmith | 1 | 140 | / | 60 |
| Workshop | 3 | 420 | / | 420 |
| Keep | 1 | 320 | / | 210 |
| Castle | 2 | 720 | / | 420 |
| total: | 31 | 3225g | / | 1305w |
| 0:02 | Peasant |
| 0:04 | Peasant |
| 0:04 | Peasant |
| 0:04 | Peasant |
| 0:14 | Altar of Kings |
| 0:32 | Farm |
| 0:40 | Barracks |
| 0:58 | Peasant |
| 0:59 | Peasant |
| 1:03 | Farm |
| 1:04 | Farm |
| 1:05 | Farm |
| 1:16 | Peasant |
| 1:29 | Peasant |
| 1:43 | Footman |
| 1:48 | Footman |
| 1:56 | Peasant |
| 2:11 | Peasant |
| 2:19 | Flame Strike |
| 2:22 | Footman |
| 2:39 | Footman |
| 3:06 | Peasant |
| 3:06 | Footman |
| 3:22 | Siphon Mana |
| 3:31 | Town Hall |
| 3:34 | Scout Tower |
| 3:35 | Scout Tower |
| 3:48 | Arcane Vault |
| 4:05 | Footman |
| 4:28 | Lumber Mill |
| 6:01 | Arcane Tower |
| 6:02 | Guard Tower |
| 6:16 | Lesser Clarity Potion |
| 6:16 | Scroll of Regeneration |
| 6:33 | Keep |
| 6:36 | Barracks |
| 6:38 | Blacksmith |
| 6:40 | Improved Lumber Harvesting |
| 6:42 | Scroll of Regeneration |
| 7:01 | Defend |
| 7:02 | Footman |
| 8:06 | Rifleman |
| 8:25 | Scout Tower |
| 8:39 | Goblin Shredder |
| 8:53 | Arcane Tower |
| 8:56 | Long Rifles |
| 9:09 | Scroll of Town Portal |
| 9:09 | Lesser Clarity Potion |
| 9:09 | Scroll of Regeneration |
| 9:16 | Rifleman |
| 9:19 | Peasant |
| 9:19 | Peasant |
| 9:54 | Flame Strike |
| 10:12 | Workshop |
| 10:15 | Workshop |
| 10:55 | Holy Light |
| 11:00 | Dust of Appearance |
| 11:19 | Peasant |
| 11:19 | Peasant |
| 11:32 | Peasant |
| 11:46 | Workshop |
| 11:51 | Castle |
| 11:55 | Farm |
| 11:55 | Farm |
| 11:56 | Farm |
| 11:56 | Farm |
| 11:57 | Farm |
| 12:10 | Mortar Team |
| 13:21 | Flare |
| 13:21 | Mortar Team |
| 13:40 | Potion of Lesser Invulnerability |
| 13:40 | Scroll of Healing |
| 14:20 | Fragmentation Shards |
| 14:30 | Animal War Training |
| 14:30 | Knight |
| 14:34 | Peasant |
| 14:34 | Peasant |
| 15:20 | Farm |
| 16:10 | Siphon Mana |
| 16:24 | Farm |
| 16:25 | Farm |
| 16:25 | Farm |
| 16:26 | Farm |
| 16:31 | Mortar Team |
| 16:39 | Lesser Clarity Potion |
| 16:39 | Scroll of Regeneration |
| 16:45 | Scroll of Town Portal |
| 16:45 | Staff of Sanctuary |
| 16:46 | Orb of Fire |
| 16:51 | Lesser Clarity Potion |
| 16:51 | Potion of Mana |
| 17:03 | Scroll of Town Portal |
| 17:11 | Knight |
| 17:11 | Knight |
| 17:39 | Mortar Team |
| 18:03 | Divine Shield |
| 18:38 | Knight |
| 18:51 | Goblin Shredder |
| 18:51 | Goblin Shredder |
| 18:58 | Lesser Clarity Potion |
| 19:00 | Scroll of Regeneration |
| 19:06 | Scroll of Town Portal |
| 19:34 | Knight |
| 19:44 | Lesser Clarity Potion |
| 19:44 | Staff of Sanctuary |
| 19:47 | Orb of Fire |
| 21:00 | Knight |
| 21:08 | Mortar Team |
| 21:11 | Black Gunpowder |
| 21:11 | Iron Plating |
| 21:14 | Lesser Clarity Potion |
| 21:17 | Scroll of Regeneration |
| 21:19 | Scroll of Town Portal |
| 21:43 | Farm |
| 21:43 | Farm |
| 21:43 | Farm |
| 21:44 | Farm |
| 21:56 | Knight |
| 21:59 | Mortar Team |
| 22:11 | Lesser Clarity Potion |
| 22:13 | Potion of Mana |
| 23:29 | Knight |
| 24:11 | Steel Plating |
| 24:18 | Knight |
| 24:26 | Mortar Team |
| 24:29 | Scroll of Town Portal |
| 24:32 | Potion of Lesser Invulnerability |
| 24:58 | Mortar Team |
| 25:01 | Mortar Team |
| 25:11 | Refined Gunpowder |
| 25:17 | Lesser Clarity Potion |
| 25:21 | Potion of Healing |
| 25:28 | Lesser Clarity Potion |
| 25:30 | Potion of Mana |
| 28:08 | Mortar Team |
| 28:11 | Rifleman |
| 28:16 | Lesser Clarity Potion |
| 28:24 | Lesser Clarity Potion |
| 28:27 | Flame Strike |
| 28:37 | Mortar Team |
| 28:41 | Holy Light |
| 28:43 | Rifleman |
| 29:14 | Rifleman |
| 29:31 | Orb of Lightning |
| 34:28 | Rifleman |
| 34:48 | Lesser Clarity Potion |
| 35:53 | Rifleman |
| 38:06 | Rifleman |
| 38:32 | Divine Shield |
| 39:01 | Rifleman |
| 42:29 | Lesser Clarity Potion |
| 43:24 | Rifleman |
| 43:33 | Mortar Team |
| 47:09 | Lesser Clarity Potion |
| 47:10 | Healing Salve |
| 47:14 | Scroll of Town Portal |
| 48:41 | Lesser Clarity Potion |
| 49:07 | Lesser Clarity Potion |
| 49:12 | Scroll of Town Portal |
| 49:26 | Mortar Team |
| 50:36 | Summon Phoenix |
| 60:54 | Holy Light |
| 73:44 | Lesser Clarity Potion |
| 73:44 | Lesser Clarity Potion |
| 78:38 | Priest |
| Right click | 1603 |
| Select group | 728 |
| Select | 703 |
| Misc. action | 398 |
| Build/train/purchase | 256 |
| Use ability | 222 |
| Assign group | 83 |
| Item give/drop | 13 |
| Remove unit | 4 |

| Healing Salve | 3 | 300 |
| Lesser Clarity Potion | 8 | 560 |
| Scroll of Speed | 5 | 250 |
| Orb of Lightning | 1 | 375 |
| Potion of Healing | 2 | 300 |
| Dust of Appearance | 1 | 75 |
| Boots of Speed | 1 | 250 |
| Potion of Lesser Invulnerability | 1 | 150 |
| total: | 22 | 2260g |
| Peon | 8 | 600 | / | 0 |
| Troll Batrider | 46 | 7360 | / | 1840 |
| Demolisher | 3 | 660 | / | 150 |
| Troll Witch Doctor | 6 | 870 | / | 150 |
| total: | 63 | 9490g | / | 2140w |
| Altar of Storms | 1 | 180 | / | 50 |
| Orc Burrow | 5 | 800 | / | 200 |
| Voodoo Lounge | 2 | 260 | / | 60 |
| War Mill | 1 | 205 | / | 0 |
| Barracks | 1 | 180 | / | 50 |
| Beastiary | 2 | 290 | / | 280 |
| Spirit Lodge | 2 | 300 | / | 300 |
| Stronghold | 1 | 315 | / | 190 |
| Fortress | 1 | 325 | / | 190 |
| total: | 14 | 2215g | / | 940w |
| 0:06 | Altar of Storms |
| 0:09 | Orc Burrow |
| 0:13 | Orc Burrow |
| 0:15 | Peon |
| 0:15 | Peon |
| 0:29 | Peon |
| 0:40 | Peon |
| 1:02 | Voodoo Lounge |
| 1:04 | Peon |
| 1:05 | Peon |
| 1:27 | Orc Burrow |
| 1:29 | Peon |
| 2:07 | Wind Walk |
| 2:08 | Healing Salve |
| 2:09 | Lesser Clarity Potion |
| 2:09 | Scroll of Speed |
| 2:18 | Peon |
| 2:22 | War Mill |
| 3:27 | Stronghold |
| 4:39 | Steel Ranged Weapons |
| 4:46 | Orc Burrow |
| 4:53 | Orc Burrow |
| 4:55 | Steel Armor |
| 5:31 | Critical Strike |
| 6:08 | Fortress |
| 6:11 | Thorium Ranged Weapons |
| 6:13 | Beastiary |
| 6:16 | Beastiary |
| 6:58 | Lesser Clarity Potion |
| 6:58 | Lesser Clarity Potion |
| 6:59 | Scroll of Speed |
| 7:01 | Healing Salve |
| 8:01 | Thorium Armor |
| 8:26 | Dust of Appearance |
| 8:26 | Boots of Speed |
| 9:18 | Liquid Fire |
| 9:20 | Arcanite Ranged Weapons |
| 10:03 | Potion of Lesser Invulnerability |
| 10:08 | Troll Batrider |
| 10:09 | Troll Batrider |
| 10:10 | Troll Batrider |
| 10:18 | Wind Walk |
| 10:57 | Barracks |
| 12:00 | Troll Batrider |
| 12:00 | Troll Batrider |
| 12:02 | Troll Batrider |
| 12:24 | Orb of Lightning |
| 12:32 | Troll Batrider |
| 12:47 | Burning Oil |
| 13:48 | Troll Batrider |
| 13:50 | Demolisher |
| 13:50 | Demolisher |
| 14:39 | Lesser Clarity Potion |
| 14:44 | Scroll of Speed |
| 16:05 | Troll Batrider |
| 16:05 | Troll Batrider |
| 17:15 | Troll Batrider |
| 17:33 | Troll Batrider |
| 17:33 | Demolisher |
| 19:51 | Troll Batrider |
| 19:51 | Troll Batrider |
| 20:59 | Troll Batrider |
| 20:59 | Troll Batrider |
| 21:23 | Spirit Lodge |
| 21:26 | Troll Batrider |
| 22:32 | Arcanite Armor |
| 22:37 | Troll Witch Doctor |
| 22:41 | Spirit Lodge |
| 22:44 | Troll Witch Doctor |
| 22:52 | Witch Doctor Adept Training |
| 23:01 | Voodoo Lounge |
| 23:21 | Lesser Clarity Potion |
| 23:23 | Scroll of Speed |
| 23:23 | Healing Salve |
| 23:26 | Lesser Clarity Potion |
| 24:50 | Witch Doctor Master Training |
| 26:08 | Troll Batrider |
| 26:08 | Troll Batrider |
| 26:09 | Troll Batrider |
| 26:27 | Critical Strike |
| 27:05 | Troll Batrider |
| 27:05 | Troll Batrider |
| 28:26 | Troll Batrider |
| 28:27 | Troll Batrider |
| 29:11 | Troll Batrider |
| 30:44 | Troll Batrider |
| 30:44 | Troll Batrider |
| 31:36 | Troll Batrider |
| 32:08 | Troll Batrider |
| 32:09 | Troll Batrider |
| 32:10 | Troll Batrider |
| 32:32 | Troll Batrider |
| 33:05 | Potion of Healing |
| 33:37 | Troll Batrider |
| 35:33 | Troll Batrider |
| 35:50 | Lesser Clarity Potion |
| 35:51 | Scroll of Speed |
| 35:52 | Potion of Healing |
| 38:59 | Troll Batrider |
| 39:00 | Troll Batrider |
| 39:33 | Troll Witch Doctor |
| 39:33 | Troll Witch Doctor |
| 39:34 | Troll Witch Doctor |
| 39:36 | Troll Witch Doctor |
| 40:44 | Lesser Clarity Potion |
| 41:31 | Wind Walk |
| 42:08 | Troll Batrider |
| 43:19 | Troll Batrider |
| 43:51 | Troll Batrider |
| 43:52 | Troll Batrider |
| 44:09 | Troll Batrider |
| 61:21 | Troll Batrider |
| 61:21 | Troll Batrider |
| 61:22 | Troll Batrider |
| 65:04 | Troll Batrider |
| 65:05 | Troll Batrider |
| Right click | 3232 |
| Select | 774 |
| Build/train/purchase | 229 |
| Use ability | 207 |
| Misc. action | 130 |
| Minimap ping | 34 |
| Chat | 29 |
| Resource trade | 26 |
| Assign group | 4 |
| Remove unit | 3 |
| Select group | 3 |
| Item give/drop | 2 |